 Dungeon Crawl Stone Soup version 0.24-a0-279-ga7546fe674 (webtiles) character file.

Game seed: 7958319641034279870

205 Redear the Magician (level 5, -3/38 HPs)
             Began as a Demigod Wizard on May 1, 2019.
             Shot with an arrow by a centaur (5 damage)
             ... on level 5 of the Dungeon.
             The game lasted 00:15:09 (4277 turns).

Redear the Magician (Demigod Wizard)                Turns: 4277, Time: 00:15:09

Health: -3/38      AC:  4    Str: 10    XL:     5   Next: 27%
Magic:  7/14       EV: 12    Int: 24    God:
Gold:   192        SH:  0    Dex: 14    Spells: 4/12 levels left

rFire    . . .     SeeInvis .   j - +1 dagger
rCold    . . .     Gourm    .   (no shield)
rNeg     . . .     Faith    .   a - +0 robe
rPois    .         Spirit   .   n - +2 hat
rElec    .         Reflect  .   (no cloak)
rCorr    .         Harm     .   (no gloves)
MR       .....                  (no boots)
Stlth    ++........             (no amulet)
HPRegen  0.12/turn              (no ring)
MPRegen  0.14/turn              (no ring)

@: no status effects
A: high mp 1
a: no special abilities


You were on level 5 of the Dungeon.
You were not hungry.

You visited 1 branch of the dungeon, and saw 5 of its levels.

You collected 192 gold pieces.

Inventory:

Hand Weapons
 j - a +1 dagger (weapon)
Missiles
 h - 52 stones (quivered)
Armour
 a - a +0 robe (worn)
 b - a +0 hat
 i - a +0 pair of boots
 n - a +2 hat (worn)
Jewellery
 m - an uncursed ring of stealth {unknown}
 o - an uncursed amulet of rage {+Rage}
Wands
 I - a wand of iceblast (9)
Scrolls
 e - 2 scrolls of enchant armour
 k - 2 scrolls of fog
 N - a scroll of remove curse {@r2}
 R - 2 scrolls of identify
Potions
 s - a potion of mutation {!q}
Comestibles
 z - 7 rations


   Skills:
 - Level 1.7 Dodging
 - Level 1.7 Stealth
 + Level 4.0 Spellcasting
 + Level 3.1 Conjurations
 + Level 1.5 Summonings
 + Level 1.6 Translocations


You had 4 spell levels left.
You knew the following spells:

 Your Spells              Type           Power        Failure   Level  Hunger
a - Magic Dart            Conj           ###.         2%          1    None
b - Call Imp              Summ           ##......     8%          2    #......
d - Blink                 Tloc           N/A          8%          2    #......
j - Conjure Flame         Conj/Fire      ##......     16%         3    ##.....

Your spell library contained the following spells:

 Spells                   Type           Power        Failure   Level  Hunger
 Slow                     Hex            #.......     14%         2    #......
 Mephitic Cloud           Conj/Pois/Air  #.......     19%         3    ##.....


Dungeon Overview and Level Annotations

Branches:
Dungeon (5/15)
 Temple: D:4-7


Innate Abilities, Weirdness & Mutations

You have an increased reservoir of magic. (+10% MP)


Message History

Okay, then.
Unknown command.
Unknown command.
Evoke which item? (* to show all) (? for menu, Esc to quit)
Okay, then.
Okay, then.
As you read the scroll labeled ASOQUH LEITO, it crumbles to dust.
You feel aware of your surroundings.
You sensed 6 altars.
It was a scroll of magic mapping.
Okay, then.
Casting: Blink (safe; 8% risk of failure)
Confirm with . or Enter, or press ? or * to list all spells.
You blink.
The centaur wields a +0 shortbow.
The centaur shoots an arrow.
The arrow hits you but does no damage.
Found a scroll of identify.
You now have 7/14 mp.
Unknown command.
As you read the scroll of fog, it crumbles to dust.
The scroll dissolves into smoke.
The centaur shoots an arrow.
The arrow hits you.
You die...

#..###.....,,,,* #.............**
**** #...........?**
*,,**###.........#*
****,,,,#[..O##.....,**
,,,,,,,,#.c........,,,*
,,,,,,,.......§§§.,,,****
,,,,,,.c...#.<.§§#**,**,***
,,,,....$......§@#*,,,,,,,**
,*,,..........§§§§......,,,**
,***.............§..#...,,*,**
,*,,,,,,,.#.........#,,**,,,,*
,,,,,,,,,.............,,***,,*
,,,,*****####.######...***,,,*
,,,,**,,,,,,#.*,****....**,,,*
,,,,*,,*,,,*#.*,,,**,..#*,,,*****
....##***,**,,*,,,**,,,,,,,**,*,*


You could see a centaur.

Vanquished Creatures
  A howler monkey (D:3)
  Jessica (D:2)
  6 dart slugs
  5 leopard geckos
  An orc (D:3)
  A ball python (D:1)
  5 giant cockroaches
  4 goblins
  12 hobgoblins
  2 jackals (D:3)
  7 kobolds
  A quokka (D:2)
  7 bats
  3 frilled lizards
  7 rats
63 creatures vanquished.

Vanquished Creatures (collateral kills)
  2 hounds (D:4)
  A worker ant (D:4)
  A worm (D:2)
  A giant cockroach (D:4)
  A jackal (D:2)
  A frilled lizard (D:4)
7 creatures vanquished.

Grand Total: 70 creatures vanquished

Notes
Turn   | Place    | Note
-------+----------+-------------------------------------------
     0 | D:1      | Redear the Demigod Wizard began the quest for the Orb.
     0 | D:1      | Reached XP level 1. HP: 14/14 MP: 6/6
    68 | D:1      | Reached skill level 1 in Conjurations
   487 | D:1      | Reached skill level 3 in Spellcasting
   487 | D:1      | Reached XP level 2. HP: 20/20 MP: 1/8
   541 | D:1      | HP: 1/20 [kobold (4)]
  1304 | D:2      | Noticed Jessica
  1395 | D:2      | Reached skill level 2 in Conjurations
  1646 | D:2      | Reached XP level 3. HP: 17/26 MP: 1/10
  2014 | D:3      | Found an ancient bone altar of Kikubaaqudgha.
  2045 | D:3      | Reached XP level 4. HP: 27/33 MP: 0/12
  2061 | D:2      | Found a bloodstained altar of Trog.
  2510 | D:1      | Learned a level 2 spell: Call Imp
  2513 | D:1      | Learned a level 2 spell: Blink
  2517 | D:1      | Learned a level 3 spell: Conjure Flame
  2627 | D:2      | Killed Jessica
  2627 | D:2      | Reached skill level 1 in Summonings
  2627 | D:2      | Reached skill level 1 in Translocations
  2900 | D:3      | Reached skill level 3 in Conjurations
  3360 | D:4      | Found a glowing golden altar of the Shining One.
  3434 | D:4      | Noticed an ogre
  3502 | D:4      | Reached XP level 5. HP: 6/38 MP: 7/13
  3545 | D:4      | HP: 1/38 [hound (3)]
  3903 | D:4      | Reached skill level 4 in Spellcasting
  3926 | D:5      | Entered Level 5 of the Dungeon
  4235 | D:5      | Noticed a phantom
  4272 | D:4      | HP: 1/38 [ogre/+0 giant spiked club (14)]
  4273 | D:5      | Noticed a centaur
  4277 | D:5      | Shot with an arrow by a centaur

Levels and vault maps discovered:
D:1:      erik_arrival_cave_to_civilisation [erik_arrival_cave_to_hall],
          layout_basic
D:2:      layout_rooms, lemuel_crystal_altar, kennysheep_big_empty_room,
          uniq_jessica
D:3:      layout_rooms, overflow_temple_1_default, first_ration,
          kennysheep_generic_room_7
D:4:      layout_loops_ring, nicolae_overflow_hidden_temple, marbit_many_paths,
          portal_sewer_entry_d, minmay_box_of_dots
D:5:      layout_cave_pools, yredelemnul_forgotten_temple_becter,
          chequers_temple_overflow_minitemple, minmay_pentangle, uniq_edmund

Skill      XL: |  1  2  3  4  5 |
---------------+----------------+-----
Conjurations   | 1 2 3 |  3.1
Spellcasting   | 3 4 |  4.0
Summonings     | 1 |  1.5
Translocations | 1 |  1.6
Dodging        | |  1.7
Stealth        | |  1.7

Action                   |  1- 3 |  4- 6 || total
-------------------------+-------+-------++-------
Melee: Unarmed           |    19 |       ||    19
       Dagger            |       |    31 ||    31
 Cast: Magic Dart        |    95 |    68 ||   163
       Call Imp          |       |    14 ||    14
       Blink             |       |     6 ||     6
  Use: Scroll            |       |    15 ||    15
       Potion            |       |     1 ||     1
 Stab: Sleeping          |       |     1 ||     1
  Eat: Chunk             |     3 |     4 ||     7
       Ration            |       |     1 ||     1
Armor: Robe              |    17 |    25 ||    42
Dodge: Dodged            |    37 |    70 ||   107

Table legend:
 A = Non-vault XP
 B = Vault XP
 C = Vault XP percentage of total XP
 D = Non-vault monster count
 E = Vault monster count
 F = Vault count percentage of total count
                 A         B        C        D         E       F
            +---------+---------+-------+---------+---------+-------
      Total |     249 |      44 |  15.0 |      65 |       5 |   7.1
            +---------+---------+-------+---------+---------+-------
        D:1 |      29 |       3 |   9.4 |      14 |       2 |  12.5
        D:2 |      55 |      37 |  40.2 |      25 |       1 |   3.8
        D:3 |      84 |       4 |   4.5 |      19 |       2 |   9.5
        D:4 |      81 |       0 |   0.0 |       7 |       0 |   0.0
            +---------+---------+-------+---------+---------+-------
